 Dungeon Crawl Stone Soup version 0.31-a0-1589-g8f5e8aebd6 (webtiles) character file.

Game seed: 3650169893382480042

539 CougarLife the Chopper (level 7, 0/59 HPs)
             Began as a Minotaur Fighter on Jan 6, 2024.
             Was an Initiate of Okawaru.
             Succumbed to a gnoll's poison
             ... on level 6 of the Dungeon.
             The game lasted 00:07:36 (4270 turns).

CougarLife the Chopper (Minotaur Fighter)           Turns: 4270, Time: 00:07:37

Health: 0/59       AC:  9    Str: 20    XL:     7   Next: 5%
Magic:  6/6        EV:  9    Int:  7    God:    Okawaru [......]
Gold:   224        SH:  5    Dex: 10    Spells: 6/6 levels left

rFire   . . .        a - +0 war axe
rCold   . . .        c - +0 buckler
rNeg    . . .        b - +0 scale mail
rPois   .            (helmet restricted)
rElec   .            (no cloak)
rCorr   .            k - +0 pair of gloves
SInv    .            q - +0 pair of boots
Will    .....        (no amulet) Stlth
                     (no ring)
HPRegen 0.29/turn    (no ring)
MPRegen 0.10/turn

%: no passive effects
@: mighty, lethally poisoned (0 -> -10), hasted, very quick
A: horns 2, retaliatory headbutt
a: Renounce Religion


You were on level 6 of the Dungeon.
You worshipped Okawaru.
Okawaru was noncommittal.
You visited 2 branches of the dungeon, and saw 7 of its levels.

You collected 224 gold pieces.

Inventory:

Hand Weapons
 a - a +0 war axe (weapon)
Armour
 b - a +0 scale mail (worn)
 c - a +0 buckler (worn)
 k - a +0 pair of gloves (worn)
 q - a +0 pair of boots (worn)
Jewellery
 i - a +6 ring of intelligence
Wands
 p - a wand of polymorph (11)
 B - a wand of roots (9)
Scrolls
 e - a scroll of fog {unknown}
 f - 2 scrolls of amnesia {unknown}
 h - 9 scrolls of identify {unknown}
 l - a scroll of summoning {unknown}
 n - a scroll of acquirement {unknown}
 o - a scroll of immolation {unknown}
 r - a scroll of vulnerability {unknown}
 s - a scroll of poison {unknown}
 w - a scroll of teleportation {unknown}
 y - a scroll of blinking {unknown}
 z - a scroll of silence {unknown}
 A - a scroll of enchant armour {unknown}
Potions
 d - 2 potions of might
 g - a potion of lignification {unknown}
 j - 7 potions of haste
 m - 5 potions of curing {unknown}
 t - a potion of heal wounds {unknown}
 u - 2 potions of cancellation {unknown}
 v - 2 potions of invisibility {unknown}
 x - a potion of magic {unknown}


   Skills:
 - Level 4.0 Fighting
 - Level 7.0 Axes
 + Level 5.4 Armour
 + Level 5.4 Shields


You had 6 spell levels left.
You didn't know any spells.
Your spell library contained the following spells:

 Spells                   Type           Power      Damage    Failure   Level
 Scorch                   Fire           0%         2d5       93%         2
 Dazzling Flash           Conj/Hex       0%         N/A       99%         3
 Volatile Blastmotes      Fire/Tloc      0%         2d10      99%         3
 Dimensional Bullseye     Hex/Tloc       0%         N/A       100%        4
 Flame Wave               Conj/Fire      0%         2d4       100%        4
 Iskenderun's Mystic Bla  Conj/Tloc      0%         2d3       100%        4
 Alistair's Intoxication  Alch           0%         N/A       100%        5
 Borgnjor's Vile Clutch   Necr/Erth      0%         N/A       100%        5
 Eringya's Noxious Bog    Alch           0%         4d6       100%        6
 Starburst                Conj/Fire      0%         6d3       100%        6
 Maxwell's Capacitive Co  Air            0%         ∞         100%        8
 Tukima's Dance           Hex            Unusable   N/A       N/A         3
 Summon Cactus Giant      Summ           Unusable   N/A       N/A         6

Dungeon Overview and Level Annotations

Branches:
Dungeon (6/15)             Temple (1/1) D:6

Altars:
Ashenzari
Cheibriados
Elyvilon
Fedhas
Gozag
Hepliaklqana
Kikubaaqudgha
Makhleb
Nemelex Xobeh
Okawaru
Qazlal
Ru
Sif Muna
Uskayaw
Vehumet
Wu Jian
Xom
Yredelemnul
The Shining One

Shops:
D:2 =


Innate Abilities, Weirdness & Mutations

You have a pair of horns on your head.
You reflexively headbutt those who attack you in melee.


Message History

The gnoll is lightly wounded.
You hit the gnoll. You slash the gnoll! The gnoll hits you but does no damage.
You are poisoned.
The gnoll hits you with a +0 whip. The gnoll misses you.
The gnoll hits you but does no damage.
You are more poisoned.
The gnoll sergeant hits you from afar with a +2 trident of holy wrath.
The gnoll barely misses you. The gnoll hits you with a +0 whip.
You barely miss the gnoll.
The gnoll is lightly wounded.
You slash the gnoll! You barely miss the gnoll.
You feel very sick.
The gnoll hits you with a +1 whip of venom.
The gnoll hits you from afar with a +0 halberd.
The gnoll barely misses you.
The gnoll sergeant hits you from afar with a +2 trident of holy wrath.
The gnoll hits you with a +0 whip.
You feel very sick. The gnoll barely misses you. You furiously retaliate!
You headbutt the gnoll. The gnoll attacks as it pursues you!
The gnoll hits you from afar with a +0 halberd!
You see here a +0 flail.
You feel sick. The gnoll attacks as it pursues you!
The gnoll hits you from afar with a +0 halberd!
* * * LOW HITPOINT WARNING * * *
You feel sick. The gnoll attacks as it pursues you!
The gnoll closely misses you.
It was a potion of haste.
You feel yourself speed up.
You feel sick.
The gnoll hits you with a +1 whip of venom.
* * * LOW HITPOINT WARNING * * *
You are lethally poisoned!
The gnoll closely misses you.
You feel very mighty all of a sudden.
* * * LOW HITPOINT WARNING * * *
You feel sick.
* * * LOW HITPOINT WARNING * * *
You feel sick.
* * * LOW HITPOINT WARNING * * *
You feel sick.
You die...

..#....... ....
#....#...##..#
#....g#..#..#
..# #.g.(..#
#.###gg#..#
##.#gF## .# #
#....#.#
#.###.##g..#
#......@.#.#
###....####..
#.......###.#
#######.# .#
###.## . ##
#....#### .. #.
#.......# .#
#..
#.......##.##.#
#............#


You could see a gnoll sergeant, a bullfrog and 4 gnolls.

Vanquished Creatures
  A black bear (D:5)
  A hound (D:6)
  An orc priest (D:4)
  A sleepcap (D:4)
  3 iguanas
  3 orc wizards
  Robin (D:3)
  4 gnolls
  6 adders
  A shadow imp (D:5)
  2 dart slugs
  A ribbon worm (D:4)
  10 orcs
  5 bats
  7 endoplasms
  5 giant cockroaches
  15 goblins
  A hobgoblin (D:2)
  6 quokkas
  8 ball pythons
  5 frilled lizards
  8 kobolds
  4 rats
99 creatures vanquished.

Vanquished Creatures (others)
  A quokka (D:4)
1 creature vanquished.

Grand Total: 100 creatures vanquished

Notes
Turn   | Place    | Note
-------+----------+-------------------------------------------
     0 | D:1      | CougarLife the Minotaur Fighter began the quest for the
                  | Orb.
     0 | D:1      | Reached XP level 1. HP: 19/19 MP: 0/0
   186 | D:1      | Reached XP level 2. HP: 25/27 MP: 1/1
   808 | D:2      | Reached skill level 3 in Axes
   978 | D:2      | Reached XP level 3. HP: 33/33 MP: 2/2
  1128 | D:2      | Found a transporter.
  1128 | D:2      | Found Vetequ's Jewellery Emporium.
  1247 | D:2      | Reached skill level 4 in Axes
  1284 | D:2      | Found a transporter.
  1600 | D:3      | Reached XP level 4. HP: 36/40 MP: 3/3
  1772 | D:3      | Found a faded altar of an unknown god.
  1917 | D:3      | Noticed Robin
  1928 | D:3      | Killed Robin
  1929 | D:3      | Reached skill level 5 in Axes
  2375 | D:4      | Reached XP level 5. HP: 34/46 MP: 4/4
  2480 | D:4      | Reached skill level 6 in Axes
  2658 | D:4      | Found a white marble altar of Elyvilon.
  2962 | D:5      | Entered Level 5 of the Dungeon
  3050 | D:5      | Identified the +0 ring mail of Dowdy Brilliance {Harm
                  | Rampage rC-}
  3141 | D:5      | Reached skill level 7 in Axes
  3141 | D:5      | Reached XP level 6. HP: 44/52 MP: 5/5
  3215 | D:5      | Identified the +1 ring mail "Kemes" {-Tele rPois rCorr
                  | Str-4}
  3726 | D:6      | Reached skill level 5 in Armour
  3726 | D:6      | Reached skill level 5 in Shields
  3787 | D:6      | Found a staircase to the Ecumenical Temple.
  3824 | Temple   | Entered the Ecumenical Temple
  3831 | Temple   | Became a worshipper of Warmaster Okawaru
  3985 | D:6      | Reached XP level 7. HP: 18/59 MP: 6/6
  4269 | D:6      | HP: 1/59 [poisoned by a gnoll]
  4270 | D:6      | Succumbed to a gnoll's poison

Illustrated notes

Levels and vault maps discovered:
D:1:      tarquinn_simple_flora_water_b, layout_basic,
          minmay_misc_feat_nine_boxes
D:2:      layout_basic, serial_shops, nicolae_shop_drivethru
D:3:      layout_loops_ring, shapermc_ecumenical_altar_acropolis,
          serial_bayou_lake_a, uniq_robin
D:4:      layout_loops_ring, elyvilon_altar_4, kennysheep_cross_bottleneck
D:5:      layout_loops_ring
D:6:      hellmonk_destroyed_diamonds, layout_basic, minmay_temple_entry_trees,
          nrook_campfire, st_stairs_7, amethyst_killhole, minivault_19
Temple:   nicolae_temple_no_exploring_needed

Skill      XL: |  1  2  3  4  5  6 |
---------------+-------------------+-----
Shields        | 4 5 |  5.4
Fighting       | 4 |  4.0
Armour         | 4 5 |  5.4
Axes           | 3 4 5 7 |  7.0

Action                     |  1- 3 |  4- 6 |  7- 9 || total
---------------------------+-------+-------+-------++-------
  Melee: War axe           |    89 |   153 |     5 ||   247
         Headbutt          |     9 |    16 |     2 ||    27
    Use: Potion            |       |       |     2 ||     2
 Armour: Scale mail        |    58 |   115 |    13 ||   186
  Dodge: Dodged            |    36 |    71 |     8 ||   115
  Block: Buckler           |    27 |    33 |     2 ||    62

Table legend: (Time is in decaauts)
 A = Elapsed time spent in this place.
 B = Non-inter-level travel time spent in this place.
 C = Inter-level travel time spent in this place.
 D = Time resting spent in this place.
 E = Time spent auto-exploring this place.
 F = Levels seen in this place.
 G = Mean time per level.
                   A        B        C        D        E       F      G
               +--------+--------+--------+--------+--------+-----+--------+
         Total |   4364 |   4268 |     96 |    444 |   3074 |   7 |  623.4 |
       Dungeon |   4350 |   4254 |     96 |    444 |   3074 |   6 |  725.0 |
        Temple |     14 |     14 |      0 |      0 |      0 |   1 |   14.0 |
               +--------+--------+--------+--------+--------+-----+--------+

Top non-repeatable levels by time:
     D:3: 873 daAuts
     D:1: 811 daAuts
     D:2: 743 daAuts
     D:5: 739 daAuts
     D:4: 617 daAuts
     D:6: 566 daAuts
  Temple: 14 daAuts
